 Dungeon Crawl Stone Soup version 0.31.0-9-g3a7656b989 (webtiles) character file.

Game seed: 8772232584329912752

956 qw the Nimble (level 7, -24/35 HPs)
             Began as a Spriggan Hunter on Feb 2, 2024.
             Was a Follower of Okawaru.
             Annihilated by an ogre
             ... wielding a +0 giant spiked club
              (26 damage)
             ... on level 6 of the Dungeon.
             The game lasted 00:00:16 (4142 turns).

qw the Nimble (Spriggan Hunter)                     Turns: 4142, Time: 00:00:17

Health: -24/35     AC:  4    Str: 13    XL:     7   Next: 91%
Magic:  9/9        EV: 26    Int: 11    God:    Okawaru [*.....]
Gold:   156        SH:  0    Dex: 26    Spells: 6/6 levels left

rFire   . . .        a - +1 shortbow
rCold   . . .        (shield currently unavailable)
rNeg    . . .        c - +0 robe
rPois   .            (helmet restricted)
rElec   .            f - +1 cloak
rCorr   .            (gloves unavailable)
SInv    +            (boots unavailable)
Will    +....        (no amulet)
Stlth   ++           g - +6 ring of dexterity
HPRegen 0.25/turn    i - +6 ring of strength
MPRegen 0.11/turn

%: no passive effects
@: very quick
A: very small, no large weapons, unfitting armour, see invisible, speed 3
a: Renounce Religion, Heroism


You were on level 6 of the Dungeon.
You worshipped Okawaru.
Okawaru was aware of your devotion.
You visited 2 branches of the dungeon, and saw 7 of its levels.

You collected 338 gold pieces.
You spent 182 gold pieces at shops.


Innate Abilities, Weirdness & Mutations

You are very small and have problems with some larger weapons.
You are too small for most types of armour.
You have supernaturally acute eyesight. (SInv)
You cover ground extremely quickly. (Speed+++)


   Skills:
 - Level 2.2 Fighting
 - Level 7.4 Ranged Weapons
 + Level 8.2 Dodging
 - Level 1.5 Stealth
 + Level 1.8 Invocations


You had 6 spell levels left.
You didn't know any spells.
Your spell library was empty.

Inventory:

Hand Weapons
 a - a +1 shortbow (weapon)
Armour
 c - a +0 robe (worn)
 f - a +1 cloak (worn)
Jewellery
 g - a +6 ring of dexterity (left hand)
 i - a +6 ring of strength (right hand)
 j - a ring of fire
Wands
 l - a wand of flame (27)
Potions
 b - a potion of mutation
 d - 3 potions of enlightenment
 e - 2 potions of curing
 h - a potion of heal wounds {unknown}
 k - a potion of brilliance {unknown}
 m - a potion of resistance {unknown}

Dungeon Overview and Level Annotations

Branches:
Dungeon (6/15)             Temple (1/1) D:4

Altars:
Ashenzari
Cheibriados
Dithmenos
Elyvilon
Fedhas
Gozag
Hepliaklqana
Kikubaaqudgha
Makhleb
Okawaru
Ru
Sif Muna
Vehumet
Wu Jian
Xom
Yredelemnul

Shops:
D:4 !


Message History

You kill the adder!
Okawaru accepts your kill.
Found a ring mail.
You see here a +0 ring mail.
There is an escape hatch in the ceiling here.
You open the door.
There is an escape hatch in the ceiling here.
There is an open door here.
You open the door.
A hound comes into view.
You shoot an arrow. The arrow hits the hound!
The hound barks!
The hound is heavily wounded.
You shoot an arrow. The arrow barely misses the hound.
A sleepcap comes into view.
An ogre comes into view. It is wielding a +0 giant spiked club.
The hound completely misses you.
Enter note:
Enter note:
4136 ||| RETREEEEATING.
The hound attacks as it pursues you! The hound closely misses you.
You shoot an arrow. The arrow hits the hound.
The hound is severely wounded.
The hound completely misses you.
You shoot an arrow. The arrow closely misses the hound.
The hound completely misses you. The hound closely misses you.
You shoot an arrow. The arrow hits the hound!
You kill the hound!
Okawaru accepts your kill.
You shoot an arrow. The arrow hits the ogre!
The ogre is moderately wounded.
You shoot an arrow. The arrow hits the ogre.
The ogre is heavily wounded.
The ogre hits you with a +0 giant spiked club!!
Ouch! That really hurt!
You shoot an arrow. The arrow hits the ogre.
The ogre is heavily wounded.
The ogre hits you with a +0 giant spiked club!!
Ouch! That really hurt!
You die...

##+# ##...##
##.....##
##.......##
#.........####...
+.........'......
#.......@O#.....f
#.......## ##O..
#.# ##.....## # #.#
##...## #.#
##'#####.###
#.#######<........#
#.#....[...####.#.#
#.#.#####..# #.#.#
##...##


You could see an ogre.

Vanquished Creatures
  Prince Ribbit (D:6)
  Edmund (D:6)
  An ice beast (D:5)
  A phantom (D:4)
  A scorpion (D:4)
  A bombardier beetle (D:5)
  2 hounds
  An iguana (D:6)
  4 orc wizards
  6 adders
  3 gnolls (D:2)
  2 ufetubi (D:6)
  2 ribbon worms (D:2)
  2 dart slugs
  15 orcs
  3 ball pythons
  7 endoplasms
  A giant cockroach (D:4)
  11 goblins
  5 hobgoblins
  6 quokkas
  4 bats
  3 frilled lizards
  6 kobolds
  4 rats
93 creatures vanquished.

Vanquished Creatures (collateral kills)
  An endoplasm (D:2)
1 creature vanquished.

Grand Total: 94 creatures vanquished

Notes
Turn   | Place    | Note
-------+----------+-------------------------------------------
     0 | D:1      | qw the Spriggan Hunter began the quest for the Orb.
     0 | D:1      | Reached XP level 1. HP: 10/10 MP: 2/2
     0 | D:1      | 0 ||| qw: Version: 0.3-a-155-g5e7d8dd
     0 | D:1      | 0 ||| qw: Game counter: 2024
     0 | D:1      | 0 ||| qw: Melee chars always use a shield: true
     0 | D:1      | 0 ||| qw: God list: Okawaru
     0 | D:1      | 0 ||| qw: Allow faded altars: false
     0 | D:1      | 0 ||| qw: Do Orc after clearing Dungeon:15 true
     0 | D:1      | 0 ||| qw: Do second Lair branch before Depths: true
     0 | D:1      | 0 ||| qw: Lair rune preference: random
     0 | D:1      | 0 ||| qw: Goals: Normal
     0 | D:1      | 0 ||| PLANNING D:1-11
    18 | D:1      | Reached skill level 3 in Dodging
   179 | D:1      | Reached XP level 2. HP: 14/14 MP: 3/3
   190 | D:1      | Reached skill level 4 in Dodging
   548 | D:1      | 548 ||| DROPPING scroll of butterflies.
   569 | D:2      | Reached XP level 3. HP: 18/18 MP: 4/4
   835 | D:2      | 835 ||| RETREEEEATING.
   836 | D:2      | 836 ||| RETREEEEATING.
   837 | D:2      | 837 ||| RETREEEEATING.
   842 | D:2      | Reached XP level 4. HP: 22/22 MP: 5/5
  1295 | D:2      | 1295 ||| READING scroll labelled HOTHUF FUMIZO.
  1295 | D:2      | 1295 ||| ENCHANTING +0 shortbow.
  1296 | D:2      | 1296 ||| READING scroll labelled ESKAIG ZIUR.
  1297 | D:2      | 1297 ||| READING 2 scrolls labelled CEFALU NELE.
  1297 | D:2      | 1297 ||| IDENTIFYING viscous blue potion
  1298 | D:2      | 1298 ||| READING scroll of identify.
  1298 | D:2      | 1298 ||| IDENTIFYING blue potion
  1299 | D:2      | 1299 ||| READING scroll labelled IKHLUY NIUTSOMM.
  1299 | D:2      | 1299 ||| ENCHANTING +1 shortbow.
  1300 | D:2      | 1300 ||| READING 2 scrolls labelled XYRHIR TUSUTO.
  1301 | D:2      | 1301 ||| DRINKING 2 coppery potions.
  1302 | D:2      | 1302 ||| DROPPING scroll of summoning.
  1399 | D:3      | Reached skill level 5 in Dodging
  1520 | D:3      | Reached XP level 5. HP: 20/26 MP: 6/6
  1765 | D:3      | 1765 ||| UPGRADING to +6 ring of dexterity.
  1766 | D:3      | 1766 ||| READING scroll of identify.
  1766 | D:3      | 1766 ||| IDENTIFYING sedimented grey potion
  1767 | D:3      | 1767 ||| READING scroll labelled ZUDOFO PUKLENK.
  1768 | D:3      | 1768 ||| READING scroll labelled FEDALLI DUAME.
  1769 | D:3      | 1769 ||| READING scroll labelled VIF ORPHOCRI.
  1770 | D:3      | 1770 ||| DROPPING potion of ambrosia.
  1825 | D:4      | Found Ozemuppelor's Distillery.
  1834 | D:4      | HP: 5/26 [poisoned by a scorpion]
  1836 | D:4      | 1836 ||| DRINKING 2 potions of curing.
  1836 | D:4      | 1836 ||| (to cure poison)
  1910 | D:4      | 1910 ||| BUYING potion of curing (42 gold).
  1910 | D:4      | Bought a potion of curing for 42 gold pieces
  1910 | D:4      | 1910 ||| BUYING potion of enlightenment (70 gold).
  1910 | D:4      | Bought a potion of enlightenment for 70 gold pieces
  1910 | D:4      | 1910 ||| BUYING potion of enlightenment (70 gold).
  1910 | D:4      | Bought a potion of enlightenment for 70 gold pieces
  1910 | D:4      | 1910 ||| SHOPLISTING potion of experience (700 gold, have
                  | 44).
  1910 | D:4      | 1910 ||| SHOPLISTING potion of heal wounds (70 gold, have
                  | 44).
  1910 | D:4      | 1910 ||| SHOPLISTING potion of mutation (112 gold, have
                  | 44).
  1910 | D:4      | 1910 ||| SHOPLISTING potion of resistance (140 gold, have
                  | 44).
  1919 | D:4      | Noticed a phantom
  1921 | D:4      | 1921 ||| ZAPPING wand of light (5) at 5,1 (phantom; floor).
  1922 | D:4      | 1922 ||| ZAPPING wand of light (4) at 4,1 (phantom; floor).
  1922 | D:4      | Killed a phantom
  1923 | D:4      | Reached skill level 6 in Dodging
  1923 | D:4      | Reached XP level 6. HP: 30/30 MP: 7/7
  2073 | D:4      | Found a staircase to the Ecumenical Temple.
  2074 | D:4      | 2074 ||| PLANNING TEMPLE
  2074 | D:4      | 2074 ||| READING scroll labelled KAOCUN XAOJ.
  2138 | Temple   | Entered the Ecumenical Temple
  2139 | Temple   | 2139 ||| PLANNING OKAWARU WORSHIP
  2144 | Temple   | Became a worshipper of Warmaster Okawaru
  2145 | Temple   | 2145 ||| PLANNING D:1-11
  2661 | D:5      | Entered Level 5 of the Dungeon
  2773 | D:5      | Found the +7 Throatcutter {drain, coup de grace}
  3177 | D:5      | Reached skill level 6 in Ranged Weapons
  3218 | D:5      | Found a sacrificial altar of Ru.
  3232 | D:5      | Noticed an ice beast
  3235 | D:5      | 3235 ||| ZAPPING wand of light (3) at 0,-5 (ice beast;
                  | floor).
  3236 | D:5      | 3236 ||| ZAPPING wand of light (2) at 0,-4 (ice beast;
                  | floor).
  3237 | D:5      | 3237 ||| ZAPPING wand of light (1) at 0,-3 (ice beast;
                  | floor).
  3242 | D:5      | Killed an ice beast
  3243 | D:5      | Reached skill level 7 in Dodging
  3575 | D:5      | Reached XP level 7. HP: 35/35 MP: 8/8
  3738 | D:5      | 3738 ||| UPGRADING to +0 cloak.
  3743 | D:5      | 3743 ||| READING scroll of enchant armour.
  3743 | D:5      | 3743 ||| ENCHANTING +0 cloak.
  3744 | D:5      | 3744 ||| UPGRADING to +6 ring of strength.
  3835 | D:6      | Noticed Prince Ribbit
  3855 | D:6      | Killed Prince Ribbit
  3855 | D:6      | Reached * piety under Okawaru
  3962 | D:6      | Noticed Edmund
  3983 | D:6      | Killed Edmund
  3984 | D:6      | Reached skill level 8 in Dodging
  3984 | D:6      | Reached skill level 1 in Invocations
  4136 | D:6      | 4136 ||| RETREEEEATING.
  4141 | D:6      | HP: 1/35 [ogre/+0 giant spiked club (34)]
  4142 | D:6      | Annihilated by an ogre

Levels and vault maps discovered:
D:1:      roderic_crossed_star, layout_basic
D:2:      layout_loops_ring, minmay_crystal_room, minmay_gold_behind_fungi,
          minmay_split_cup_large
D:3:      layout_rooms
D:4:      layout_loops_ring, minmay_temple_entry_stoned_glass, serial_shops,
          shop
D:5:      mumra_celtic_spiral_tile, layout_loops_corners,
          nicolae_ru_sacrificial_ziggurat, chequers_serial_rivers_marsh
D:6:      layout_loops_corners, nemelex_diamond_rough_becter,
          uniq_prince_ribbit1, uniq_edmund, uniq_sigmund, uniq_blork_the_orc,
          uniq_crazy_yiuf_cottage, uniq_duvessa
Temple:   hellmonk_temple_two_chambers

Skill      XL: |  1  2  3  4  5  6  7 |
---------------+----------------------+-----
Dodging        | 3 4 5 6 7 8 |  8.2
Ranged Weapons | 5 6 7 |  7.4
Fighting       | 2 |  2.2
Invocations    | 1 |  1.8
Stealth        | |  1.5

Action                     |  1- 3 |  4- 6 |  7- 9 || total
---------------------------+-------+-------+-------++-------
   Fire: Shortbow          |    81 |   174 |    67 ||   322
  Evoke: Wand              |       |     5 |       ||     5
    Use: Scroll            |       |    11 |     1 ||    12
         Potion            |       |     2 |       ||     2
 Armour: Robe              |     3 |    15 |    12 ||    30
  Dodge: Dodged            |    24 |    89 |    27 ||   140

Table legend:
 A = Non-vault XP
 B = Vault XP
 C = Vault XP percentage of total XP
 D = Non-vault monster count
 E = Vault monster count
 F = Vault count percentage of total count
                 A         B        C        D         E       F
            +---------+---------+-------+---------+---------+-------
      Total |     912 |     455 |  33.3 |      88 |       6 |   6.4
            +---------+---------+-------+---------+---------+-------
        D:1 |      28 |       0 |   0.0 |      16 |       0 |   0.0
        D:2 |      98 |       6 |   5.8 |      19 |       4 |  17.4
        D:3 |     119 |       0 |   0.0 |      15 |       0 |   0.0
        D:4 |     233 |       0 |   0.0 |      20 |       0 |   0.0
        D:5 |     325 |       0 |   0.0 |      13 |       0 |   0.0
        D:6 |     109 |     449 |  80.5 |       5 |       2 |  28.6
            +---------+---------+-------+---------+---------+-------
